 Dungeon Sprint DCSS version 0.31-a0-348-g810772c3d7 (webtiles) character file.

Game seed: 6754942256591590565

4696 Conn the Arsonist (level 10, -8/57 HPs)
             Began as an Octopode Fire Elementalist on July 23, 2023.
             Was a High Priest of Sif Muna.
             Killed from afar by a deep elf zephyrmancer (31 damage)
             ... with a bolt of lightning
             ... in the Dungeon (Sprint III: "The Ten Rune Challenge").
             The game lasted 00:20:01 (2616 turns).

Conn the Arsonist (Octopode Fire Elementalist)      Turns: 2616, Time: 00:20:02

Health: -8/57      AC:  3    Str:  8    XL:     10   Next: 45%
Magic:  24/26      EV: 16    Int: 22    God:    Sif Muna [*****.]
Gold:   1368       SH:  0    Dex: 18    Spells: 7/33 levels left

rFire   + . .        m - +1 long sword (holy)
rCold   . . .        (no shield)
rNeg    . . .        (helmet restricted)
rPois   .            (no amulet)
rElec   .            o - +6 ring of dexterity
rCorr   .            (no ring)
SInv    .            (no ring)
Will    .....        (no ring)
Stlth   +++++        (no ring)
HPRegen 0.29/turn    (no ring)
MPRegen 0.20/turn    (no ring)
                     (no ring)

%: no teleportation
@: no status effects
A: almost no armour, amphibious, 8 rings, camouflage 2, gelatinous body 1,
(nimble swimmer 1), tentacles, iridescent scales 1, fire resistance 1
a: Renounce Religion, Channel Magic, Forget Spell, Divine Exegesis


You were in the Dungeon.
You worshipped Sif Muna.
Sif Muna was extremely pleased with you.
You visited 1 branch You collected 1621 gold pieces.
You spent 253 gold pieces at shops.

Inventory:

Hand Weapons
 g - a +0 dagger
 m - a +1 long sword of holy wrath (weapon)
Jewellery
 n - a ring of ice
 o - a +6 ring of dexterity (left tentacle)
Wands
 d - a wand of mindburst (8)
Scrolls
 h - a scroll of torment
 l - a scroll of poison
Potions
 a - a potion of magic
 b - a potion of curing
 c - a potion of heal wounds
 e - a potion of berserk rage
 j - a potion of enlightenment
 k - 5 potions of mutation
Miscellaneous
 f - a phial of floods


   Skills:
 + Level 0.9 Fighting
 + Level 0.4 Long Blades
 + Level 5.1 Dodging
 - Level 5.5 Stealth
 + Level 12.0 Spellcasting
 + Level 7.8 Conjurations
 + Level 3.8 Hexes
 * Level 5.3 Summonings
 + Level 14.6 Fire Magic
 * Level 6.1 Air Magic
 * Level 8.2 Poison Magic


You had 7 spell levels left.
You knew the following spells:

 Your Spells              Type           Power      Damage    Failure   Level
a - Foxfire               Conj/Fire      100%       2x1d9     1%          1
b - Scorch                Fire           100%       2d9       1%          2
c - Inner Flame           Hex/Fire       52%        N/A       1%          3
d - Flame Wave            Conj/Fire      58%        2d14      1%          4
e - Olgreb's Toxic Radia  Pois           49%        N/A       1%          4
f - Ignite Poison         Fire/Tmut/Pois 46%        N/A       1%          3
g - Summon Lightning Spi  Summ/Air       38%        N/A       4%          4
h - Fireball              Conj/Fire      29%        3d13      1%          5

Your spell library contained the following spells:

 Spells                   Type           Power      Damage    Failure   Level
 Sting                    Tmut/Pois      100%       1d8       1%          1
 Cigotuvi's Dreadful Rot  Necr/Pois/Air  68%        N/A       1%          2
 Poisonous Vapours        Pois/Air       88%        N/A       1%          2
 Static Discharge         Conj/Air       86%        2-6/arc   1%          2
 Volatile Blastmotes      Fire/Tloc      90%        2d17      1%          3
 Sticky Flame             Conj/Fire      58%        2d7       1%          4
 Vhi's Electric Charge    Tloc/Air       52%        N/A       4%          3
 Airstrike                Air            20%        2d(3-19)  4%          4
 Arcjolt                  Conj/Air       21%        1d31      8%          5
 Starburst                Conj/Fire      29%        6d9       8%          6
 Freezing Cloud           Conj/Ice/Air   16%        6-21      21%         5
 Animate Dead             Necr           13%        N/A       43%         4
 Borgnjor's Vile Clutch   Necr/Erth      6%         N/A       80%         5
 Maxwell's Capacitive Co  Air            20%        ∞         100%        8
 Fire Storm               Conj/Fire      29%        8d7       100%        9


Dungeon Overview and Level Annotations

Branches:
Dungeon (1/1)

Altars:
Cheibriados
Dithmenos
Elyvilon
Fedhas
Gozag
Hepliaklqana
Kikubaaqudgha
Makhleb
Nemelex Xobeh
Okawaru
Qazlal
Ru
Sif Muna
Trog
Uskayaw
Vehumet
Wu Jian
Xom
Yredelemnul
Zin
The Shining One
Jiyva
Lugonu

Shops:
D *

Annotations:
D Erolcha


Innate Abilities, Weirdness & Mutations

You cannot wear most types of armour.
You are amphibious.
You can wear up to eight rings at the same time.
Your skin blends seamlessly with your surroundings (Stealth++).
Your rubbery body absorbs attacks. (AC +1, EV +1)
((You are camouflaged when in or above water. (Stealth+)))
You have tentacles for arms and can constrict up to eight enemies at once.
You are partially covered in iridescent scales. (AC +2)
Your flesh is heat resistant. (rF+)


Message History

Casting: Flame Wave (dangerous; 1% risk of failure)
Press: ? - help, Dir - look around, f - activate A wave of flame ripples out!
The flame wave engulfs the deep elf pyromancer!!
The deep elf pyromancer is burned terribly!
The deep elf pyromancer is severely wounded. (Press . to intensify the flame waves.)
You are covered in liquid flames!
The deep elf pyromancer misses you.
A wave of flame ripples out!
The flame wave engulfs the deep elf pyromancer!!
The deep elf pyromancer is burned terribly!
You kill the deep elf pyromancer!
Sif Muna accepts your kill.
You are covered in liquid flames!
Your Spellcasting skill increases to level 12!
Your Air Magic skill increases to level 6!
Your Poison Magic skill increases to level 8!
A wave of flame ripples out!
You finish channelling waves of flame.
Unknown command.
You start resting.
Magic restored.
You start resting.
HP restored.
Things that are here:
a +0 long sword; a +0 scimitar
Things that are here:
a +0 long sword; a +0 scimitar
Casting: Flame Wave (dangerous; 1% risk of failure)
Confirm with . or Enter, or press ? or * to list all spells.
Flames lash the deep elf zephyrmancer.
The deep elf zephyrmancer shouts!
The deep elf zephyrmancer is moderately wounded.
The deep elf zephyrmancer's fire resistance burns away.
The deep elf zephyrmancer casts a spell at you.
The bolt of lightning hits you!!
Ouch! That really hurt!
The bolt of lightning hits you!!
Ouch! That really hurt!
You die...

▓▓▓ ▓▓▓▓▓▓▓▓ ########.#
#..##..#######
#___#__#∩###.#.#..e)#...#
#__.#._#....?..e.##.#...##≈
#'###)##))).....###.#e..≈≈≈
.....).#))......###.#e..##≈
.))))..#)#.#.##.@.#.e...#
######'#.##...###########
#__#...#)##############
#__#.).#....#.#.#.....#
#__#...##.#))#.##.###.#
#__#...'##.#.#.##.# .##
#__'...#.).#..#..##.O
▓▓▓▓▓▓▓▓▓▓▓▓▓▓▓▓▓▓▓▓▓


You could see a deep elf zephyrmancer (combustible).

Vanquished Creatures
  A deep elf knight (D)
  An orc knight (D)
  2 deep elf pyromancers (D)
  A deep elf zephyrmancer (D)
  2 orc sorcerers (D)
  A shadow (D)
  A spatial vortex (D)
  2 orc warriors (D)
  4 two-headed ogres (D)
  A necrophage (D)
  A water elemental (D)
  A jelly (D)
  2 orc priests (D)
  Jessica (D)
  A wizard (D)
  A necromancer (D)
  3 humans (D)
  A kobold demonologist (D)
  A wolf (D)
  9 orcs (D)
  An endoplasm (D)
  2 rats (D)
40 creatures vanquished.

Vanquished Creatures (others)
  112 foxfires (D)
112 creatures vanquished.

Grand Total: 152 creatures vanquished

Notes
Turn   | Place    | Note
-------+----------+-------------------------------------------
     0 | D        | Conn the Octopode Fire Elementalist began the quest for the
                  | Orb.
     0 | D        | Reached XP level 1. HP: 11/11 MP: 3/3
    40 | D        | Noticed Jessica
    44 | D        | Killed Jessica
    45 | D        | Reached skill level 5 in Fire Magic
    45 | D        | Reached XP level 2. HP: 17/17 MP: 0/6
    45 | D        | Reached XP level 3. HP: 21/21 MP: 0/7
   139 | D        | Learned a level 2 spell: Scorch
   143 | D        | Learned a level 3 spell: Inner Flame
   158 | D        | Reached skill level 6 in Fire Magic
   241 | D        | Reached XP level 4. HP: 26/27 MP: 1/9
   327 | D        | Gained mutation: You are partially covered in iridescent
                  | scales. (AC +2) [potion of mutation]
   327 | D        | Gained mutation: Your flesh is heat resistant. (rF+)
                  | [potion of mutation]
   327 | D        | Gained mutation: Your skin blends seamlessly with your
                  | surroundings (Stealth++). [potion of mutation]
   336 | D        | Learned a level 4 spell: Flame Wave
   341 | D        | Noticed a water elemental
   345 | D        | Killed a water elemental
   346 | D        | Reached skill level 7 in Fire Magic
   346 | D        | Reached XP level 5. HP: 11/31 MP: 1/11
   435 | D        | Found a radiant altar of Vehumet.
   435 | D        | Found a shimmering blue altar of Sif Muna.
   435 | D        | Found an ancient bone altar of Kikubaaqudgha.
   439 | D        | Reached skill level 5 in Spellcasting
   439 | D        | Reached skill level 8 in Fire Magic
   445 | D        | Became a worshipper of Sif Muna the Loreminder
   480 | D        | Noticed a human
   480 | D        | Noticed a human
   489 | D        | Killed a human
   490 | D        | Reached skill level 9 in Fire Magic
   490 | D        | Reached XP level 6. HP: 36/36 MP: 9/15
   494 | D        | Killed a human
   495 | D        | Reached skill level 5 in Stealth
   495 | D        | Reached skill level 1 in Hexes
   495 | D        | Reached skill level 10 in Fire Magic
   495 | D        | Reached XP level 7. HP: 41/41 MP: 6/17
   595 | D        | Found an ornate altar of the Wu Jian Council.
   597 | D        | Found a hide-covered altar of Uskayaw.
   597 | D        | Found a bloodstained altar of Trog.
   610 | D        | Found an iron altar of Okawaru.
   617 | D        | Found a basalt altar of Yredelemnul.
   617 | D        | Found a shadowy altar of Dithmenos.
   617 | D        | Found a sacrificial altar of Ru.
   619 | D        | Reached * piety under Sif Muna
   624 | D        | Reached skill level 11 in Fire Magic
   661 | D        | Found a glowing silver altar of Zin.
   661 | D        | Found a glowing golden altar of the Shining One.
   661 | D        | Found a white marble altar of Elyvilon.
   666 | D        | Noticed a deep elf pyromancer
   668 | D        | Killed a deep elf pyromancer
   669 | D        | Reached skill level 5 in Dodging
   669 | D        | Reached skill level 5 in Conjurations
   669 | D        | Reached skill level 12 in Fire Magic
   669 | D        | Reached XP level 8. HP: 46/46 MP: 4/20
   773 | D        | Learned a level 4 spell: Olgreb's Toxic Radiance
   777 | D        | Learned a level 3 spell: Ignite Poison
   782 | D        | Reached ** piety under Sif Muna
   783 | D        | Noticed a shadow
   788 | D        | Killed a shadow
  1014 | D        | Found a blossoming altar of Fedhas.
  1015 | D        | Found a stormy altar of Qazlal.
  1021 | D        | Reached *** piety under Sif Muna
  1115 | D        | Learned a level 4 spell: Summon Lightning Spire
  1207 | D        | Found a snail-covered altar of Cheibriados.
  1207 | D        | Found a burning altar of Makhleb.
  1207 | D        | Found a shimmering altar of Xom.
  1208 | D        | Found a hazy altar of Hepliaklqana.
  1208 | D        | Found an opulent altar of Gozag.
  1208 | D        | Found a sparkling altar of Nemelex Xobeh.
  1208 | D        | Found a corrupted altar of Lugonu.
  1208 | D        | Found a viscous altar of Jiyva.
  1448 | D        | Reached skill level 13 in Fire Magic
  1448 | D        | Reached skill level 1 in Air Magic
  1556 | D        | Noticed a two-headed ogre
  1595 | D        | Killed a two-headed ogre
  1596 | D        | Reached skill level 10 in Spellcasting
  1596 | D        | Reached XP level 9. HP: 14/51 MP: 11/23
  1774 | D        | Noticed Erolcha
  1790 | D        | Found Makhlel's Assorted Antiques.
  1796 | D        | Reached **** piety under Sif Muna
  1797 | D        | Reached skill level 1 in Summonings
  1797 | D        | Reached skill level 5 in Poison Magic
  1798 | D        | Noticed an orc knight
  1804 | D        | Killed an orc knight
  1925 | D        | Noticed an orc sorcerer
  1929 | D        | Noticed an orc sorcerer
  1930 | D        | Killed an orc sorcerer
  1935 | D        | Killed an orc sorcerer
  1935 | D        | Reached ***** piety under Sif Muna
  1936 | D        | Reached skill level 14 in Fire Magic
  2021 | D        | Received a gift from Sif Muna
  2207 | D        | Received a gift from Sif Muna
  2208 | D        | Reached XP level 10. HP: 23/56 MP: 14/25
  2209 | D        | Got Sif Muna's Precepts of Spectral Causimancy {god gift}
  2327 | D        | Learned a level 5 spell: Fireball
  2367 | D        | Bought a silver ring for 115 gold pieces
  2367 | D        | Bought an iron ring for 115 gold pieces
  2367 | D        | Bought a scroll labelled ULIPYE LIGAEGH for 23 gold pieces
  2420 | D        | Noticed a deep elf zephyrmancer
  2420 | D        | Noticed a deep elf knight
  2420 | D        | Noticed a deep elf pyromancer
  2420 | D        | Noticed a deep elf knight
  2420 | D        | Noticed a deep elf zephyrmancer
  2480 | D        | HP: 1/56 [deep elf zephyrmancer/bolt of lightning (17)]
  2485 | D        | Killed a deep elf zephyrmancer
  2486 | D        | Reached skill level 5 in Air Magic
  2494 | D        | Killed a deep elf knight
  2495 | D        | Reached skill level 5 in Summonings
  2501 | D        | Killed a deep elf pyromancer
  2616 | D        | Killed from afar by a deep elf zephyrmancer

Illustrated notes

Levels and vault maps discovered:
D:        dungeon_sprint_mu [sprint_mu_entry_cave, sprint_mu_temple_rooms,
          sprint_mu_d1_spiders, sprint_mu_d2_genie, sprint_mu_d3_branching,
          sprint_mu_orc_legion, sprint_mu_elf_gauntlet, sprint_mu_hive_nellie,
          sprint_mu_lair_fedhas, sprint_mu_vaults_butterflies,
          sprint_mu_slime_circle, sprint_mu_swamp_cave, sprint_mu_shoals_archi,
          sprint_mu_blade_basic, sprint_mu_crypt_fortress,
          sprint_mu_tomb_spiral, sprint_mu_vestibule_basic,
          sprint_mu_gehenna_hellfire, sprint_mu_dis_giant,
          sprint_mu_tartarus_statrot, sprint_mu_cocytus_islands, sprint_mu_zot1]

Skill      XL: |  1  2  3  4  5  6  7  8  9 10 |
---------------+-------------------------------+-----
Stealth        | 3 4 5 |  5.5
Spellcasting   | 3 4 6 7 8 10 11 12 | 12.0
Fire Magic     | 5 6 7 9 10 12 13 14 | 14.6
Dodging        | 3 4 5 |  5.1
Conjurations   | 2 3 4 5 6 7 |  7.8
Hexes          | 1 2 3 |  3.8
Poison Magic   | 4 7 8 |  8.2
Air Magic      | 2 4 6 |  6.1
Summonings     | 4 5 |  5.3
Fighting       | |  0.9
Long Blades    | |  0.4

Action                     |  1- 3 |  4- 6 |  7- 9 | 10-12 || total
---------------------------+-------+-------+-------+-------++-------
  Melee: Unarmed           |     1 |       |       |       ||     1
         Dagger            |       |     1 |     3 |       ||     4
         Tentacles         |       |       |     5 |       ||     5
         Constrict         |       |       |     2 |       ||     2
         Long sword        |       |       |     8 |       ||     8
   Cast: Foxfire           |     9 |     1 |    62 |       ||    72
         Scorch            |     4 |     6 |    20 |     3 ||    33
         Inner Flame       |     1 |     1 |    12 |       ||    14
         Flame Wave        |       |     3 |    11 |     1 ||    15
         Fireball          |       |       |       |     4 ||     4
         Summon Lightning  |       |       |       |     1 ||     1
    Use: Potion            |       |     3 |       |     3 ||     6
         Scroll            |       |       |     1 |     3 ||     4
 Armour: Skin              |       |     1 |       |       ||     1
  Dodge: Dodged            |     6 |     7 |     9 |     2 ||    24

Table legend: (Time is in decaauts)
 A = Elapsed time spent in this place.
 B = Non-inter-level travel time spent in this place.
 C = Inter-level travel time spent in this place.
 D = Time resting spent in this place.
 E = Time spent auto-exploring this place.
 F = Levels seen in this place.
 G = Mean time per level.
                   A        B        C        D        E       F      G
               +--------+--------+--------+--------+--------+-----+--------+
         Total |   2598 |   2598 |      0 |   1527 |     73 |   1 | 2598.0 |
       Dungeon |   2598 |   2598 |      0 |   1527 |     73 |   1 | 2598.0 |
               +--------+--------+--------+--------+--------+-----+--------+

Top non-repeatable levels by time:
       D: 2598 daAuts
